Map: Dusk Towers

Players

ABlindKid

  • Race: Zerg Zerg
  • League: Platinum

Trizztein - Winner!

  • Race: Terran Terran
  • League: Platinum

VOD

Have the link to the VOD?

Description

Time

  • Played on: Jan. 2, 2016, 6:23 p.m.
  • Length: 25:23
Show
View Real Time Build Order
Export as new Build Order

ABlindKid Zerg 

Build Orders: Hatch First 

Get SALT Encoding   

  12  0:01  Drone  
  13  0:13  Overlord  
  13  0:17  Drone  
  14  0:31  Drone  
  14  0:32  Drone  
  14  0:35  Drone  
  17  0:55  Hatchery  
  16  1:07  Spawning Pool  
  16  1:10  Drone  
  16  1:14  Drone  
  16  1:17  Drone  
  18  1:22  Drone  
  19  1:32  Overlord  
  19  1:43  Drone  
  20  1:54  Queen  
  22  2:06  Queen  
  22  2:08  Drone x3  
  27  2:24  Drone x2  
  27  2:25  Hatchery  
  28  2:41  Queen  
  28  2:42  Queen  
  32  2:47  Drone x3  
  32  2:49  Drone  
  36  2:52  Overlord  
  36  3:06  Drone, Extractor  
  36  3:07  Overlord  
  36  3:08  Overlord  
  36  3:23  Drone x6  
  36  3:25  Drone x2  
  44  3:36  Extractor  
  43  3:42  Zergling x4  
  43  3:47  Drone x2  
  43  3:48  Drone x4, Roach Warren  
  50  3:58  Drone x2  
  52  4:05  Metabolic Boost  
  52  4:09  Drone x6  
  59  4:10  Drone  
  59  4:12  Spore Crawler  
  59  4:16  Spore Crawler  
  56  4:21  Queen  
  45  4:51  Zergling x8  
  45  4:52  Zergling x10  
  54  4:58  Drone x4  
  54  4:59  Drone x2  
  59  5:06  Drone  
  59  5:07  Drone  
  60  5:15  Extractor  
  60  5:16  Drone x3  
  62  5:33  Drone x4  
  62  5:35  Overlord x3  
  66  5:37  Lair  
  66  5:43  Baneling Nest  
  64  6:02  Extractor  
  64  6:03  Drone x2  
  64  6:04  Drone x3  
  67  6:09  Drone x4  
  67  6:10  Drone x6  
  78  6:14  Spore Crawler  
  78  6:16  Spore Crawler  
  78  6:18  Hatchery, Roach x3  
  82  6:24  Spore Crawler  
  80  6:29  Spore Crawler  
  76  6:47  Overseer  
  76  6:59  Roach x2  
  76  7:00  Roach x3  
  76  7:17  Roach x6  
  76  7:18  Roach x2  
  90  7:24  Extractor  
  90  7:28  Extractor  
  90  7:29  Hydralisk Den  
  87  7:31  Evolution Chamber  
  87  7:35  Drone x5  
  87  7:36  Drone x3  
  94  7:39  Evolution Chamber  
  94  7:41  Queen  
  95  7:52  Overlord x4  
  93  8:01  Muscular Augments  
  93  8:11  Drone x2  
  93  8:12  Drone x4  
  99  8:15  Zerg Missile Weapons Level 1  
  99  8:16  Zerg Ground Armor Level 1  
  99  8:19  Hatchery  
  98  8:20  Hydralisk x4, Extractor  
  105  8:28  Hydralisk  
  105  8:29  Hydralisk x5  
  117  8:38  Hatchery  
  116  8:44  Hydralisk x3  
  116  8:48  Overlord x3  
  122  8:50  Overseer  
  122  8:53  Glial Reconstitution  
  122  9:20  Hydralisk  
  122  9:21  Hydralisk x4  
  122  9:22  Roach x3  
  122  9:23  Roach  
  140  9:27  Infestation Pit  
  140  9:30  Overlord  
  140  9:31  Overlord x3  
  139  9:33  Hatchery  
  137  9:47  Queen  
  137  9:58  Drone x5  
  137  9:59  Drone x2  
  144  10:01  Drone  
  144  10:02  Drone x2  
  147  10:07  Extractor  
  146  10:17  Overlord x3  
  141  10:36  Zerg Ground Armor Level 2, Zerg Missile Weapons Level 2  
  141  10:38  Hive  
  141  10:42  Hydralisk x3  
  141  10:43  Hydralisk x3  
  141  10:44  Roach x4  
  141  10:45  Roach x3  
  167  10:50  Drone x3  
  167  10:51  Drone  
  171  11:01  Overlord x4  
  171  11:13  Extractor  
  171  11:17  Extractor  
  169  11:26  Drone x2  
  169  11:27  Drone, Hydralisk x3  
  169  11:28  Hydralisk x6  
  108  11:47  Roach x6  
  108  11:48  Roach x6  
  122  11:55  Roach x3  
  122  12:00  Queen  
  130  12:02  Queen  
  132  12:12  Spire  
  132  12:13  Roach x6  
  132  12:14  Roach  
  145  12:23  Viper x2  
  145  12:24  Viper x3  
  160  12:32  Roach x2  
  160  12:33  Roach x5  
  160  12:34  Roach  
  176  12:52  Zerg Missile Weapons Level 3  
  176  12:53  Zerg Ground Armor Level 3  
  174  13:03  Drone  
  174  13:04  Drone x6  
  165  13:13  Queen  
  167  13:23  Drone  
  167  13:24  Drone x7  
  175  13:39  Corruptor  
  175  13:40  Corruptor x5  
  187  13:45  Drone x2  
  187  13:46  Drone x2  
  191  14:00  Corruptor  
  191  14:01  Corruptor x2  
  197  14:03  Corruptor  
  199  14:14  Zerg Flyer Weapons Level 1  
  193  15:08  Ultralisk Cavern  
  133  15:58  Roach x7  
  133  15:59  Hydralisk x5, Roach x4  
  159  16:09  Hydralisk, Roach x4  
  159  16:10  Hydralisk x7, Roach x3  
  159  16:11  Hydralisk x6  
  167  16:12  Hydralisk x4  
  167  16:16  Spore Crawler  
  186  16:31  Greater Spire  
  186  16:32  Chitinous Plating  
  186  16:34  Zerg Melee Weapons Level 1  
  186  16:38  Overseer  
  186  16:41  Hydralisk  
  186  16:42  Hydralisk x5  
  186  16:43  Roach  
  196  17:11  Spore Crawler  
  193  17:28  Spore Crawler  
  192  17:30  Spore Crawler  
  192  17:32  Drone x5, Spore Crawler  
  192  17:35  Spore Crawler  
  194  17:38  Drone x4  
  194  17:39  Drone x2  
  194  17:42  Hatchery  
  185  18:09  Roach x4  
  185  18:11  Overseer  
  191  18:13  Pneumatized Carapace  
  189  18:56  Zerg Melee Weapons Level 2  
  125  19:24  Hydralisk x3, Roach x6  
  121  19:25  Hydralisk x5, Roach  
  121  19:29  Ultralisk x2  
  124  19:55  Roach x4  
  124  19:56  Roach  
  118  20:06  Roach  
  118  20:07  Roach x6  
  98  20:08  Roach x6  
  108  20:23  Zergling x8  
  108  20:24  Zergling x6  
  97  20:33  Zergling x4  
  97  20:34  Zergling x4  
  86  20:45  Zergling x8  
  73  21:28  Ultralisk  
  73  21:29  Ultralisk x2  
  89  21:51  Zergling x6  
  89  21:52  Zergling x2  
  92  22:04  Zergling x8  
  92  22:05  Zergling x8  
  93  22:10  Queen  
  93  22:11  Drone x2  
  97  22:21  Drone x3  
  78  22:49  Zergling x4  
  78  22:50  Zergling x8  
  84  22:55  Hatchery  
  76  23:27  Zergling x10  
  76  23:28  Zergling x14  
  76  23:29  Zergling x12  
  73  23:40  Roach  
  68  23:42  Ultralisk  
  74  23:58  Drone x6  
  74  23:59  Drone x2  
  82  24:17  Ultralisk  
  88  24:24  Ultralisk  
  94  24:34  Ultralisk  
  100  24:45  Drone x3  
  109  24:57  Extractor  
Show
View Real Time Build Order
Export as new Build Order

Trizztein Terran - Winner!

Build Orders: Reaper Expand, Mech, Banshee Rush 

Get SALT Encoding   

  12  0:01  SCV  
  13  0:13  SCV  
  14  0:18  Supply Depot  
  14  0:25  SCV  
  15  0:40  SCV  
  15  0:41  Barracks  
  16  0:44  Refinery  
  16  0:52  SCV  
  17  1:04  SCV  
  18  1:16  SCV  
  19  1:29  Reaper, Orbital Command  
  20  1:42  Command Center  
  20  1:50  Supply Depot  
  20  1:57  SCV  
  20  2:01  Marine  
  21  2:06  Factory  
  22  2:09  SCV  
  23  2:17  Refinery  
  23  2:23  Barracks Reactor  
  23  2:25  SCV  
  24  2:39  SCV  
  24  2:51  SCV  
  24  2:54  Starport  
  25  3:04  SCV  
  26  3:10  Orbital Command  
  26  3:15  Hellion x2  
  26  3:16  SCV, Barracks Tech Lab  
  31  3:28  SCV  
  32  3:36  Hellion  
  32  3:37  Hellion  
  32  3:40  SCV  
  37  3:42  Supply Depot, Cloaking Field  
  37  3:43  Banshee  
  37  3:47  Barracks Tech Lab  
  41  3:48  SCV  
  41  3:52  SCV  
  42  3:59  Hellion  
  42  4:00  SCV  
  45  4:03  Widow Mine  
  45  4:06  SCV  
  48  4:10  Supply Depot  
  48  4:12  SCV, Supply Depot  
  49  4:25  SCV x2  
  49  4:26  Banshee  
  54  4:33  Supply Depot  
  50  4:46  Command Center  
  50  4:47  SCV x2  
  52  4:59  SCV x2  
  52  5:08  Banshee  
  52  5:10  Refinery  
  52  5:11  SCV x2  
  52  5:12  Refinery  
  55  5:25  SCV  
  55  5:26  SCV  
  57  5:32  Hellion, Widow Mine, Marauder  
  63  5:37  SCV  
  64  6:01  SCV  
  64  6:02  SCV  
  66  6:06  Orbital Command  
  66  6:08  Factory  
  66  6:10  Armory, Factory  
  66  6:12  Armory  
  66  6:14  SCV x2, Engineering Bay  
  66  6:16  Supply Depot  
  66  6:17  Supply Depot  
  70  6:25  Hellion x2  
  72  6:26  SCV  
  72  6:27  Starport Reactor  
  72  6:28  SCV  
  74  6:38  SCV  
  75  6:40  SCV  
  75  6:46  Widow Mine  
  78  6:50  Liberator x2  
  78  6:58  SCV x2  
  88  7:08  Hellion  
  88  7:10  SCV  
  88  7:15  SCV, Hellion  
  89  7:22  SCV  
  90  7:23  Orbital Command  
  90  7:25  Terran Vehicle And Ship Armor Level 1  
  90  7:26  Terran Vehicle Weapons Level 1, Infernal Pre-Igniter  
  90  7:27  SCV  
  90  7:29  Supply Depot  
  91  7:34  SCV  
  92  7:37  Supply Depot  
  92  7:38  Supply Depot  
  92  7:39  Supply Depot, Siege Tank x2  
  92  7:40  Hellion x2  
  102  8:00  Refinery  
  102  8:04  Refinery  
  102  8:08  SCV x3  
  102  8:11  Siege Tank x2  
  111  8:20  SCV  
  111  8:22  SCV x2  
  111  8:24  Hellion x2  
  118  8:32  SCV  
  119  8:40  Supply Depot  
  119  8:41  Supply Depot  
  119  8:43  Siege Tank x2  
  119  8:45  Factory  
  125  8:50  Liberator  
  125  8:51  Factory  
  125  8:57  Command Center, Hellion  
  125  8:58  Command Center, Hellion  
  129  9:06  Missile Turret  
  132  9:10  SCV  
  132  9:11  SCV  
  132  9:12  SCV  
  132  9:15  Siege Tank  
  138  9:18  Supply Depot, Siege Tank  
  138  9:19  Supply Depot, Hellion x2  
  138  9:20  Supply Depot  
  138  9:22  Supply Depot  
  138  9:23  SCV x2  
  147  9:24  SCV  
  148  9:35  SCV  
  148  9:38  Liberator x2  
  149  9:39  Factory Tech Lab  
  149  9:41  Factory Reactor  
  149  9:47  Siege Tank  
  152  10:08  Terran Vehicle And Ship Armor Level 2  
  152  10:11  Sensor Tower  
  152  10:16  Planetary Fortress  
  152  10:21  Liberator  
  147  10:37  Hellion x3  
  147  10:38  Medivac  
  158  10:47  Planetary Fortress  
  158  10:50  Liberator  
  158  10:54  SCV  
  159  11:10  Starport  
  162  11:12  Sensor Tower  
  162  11:14  Starport  
  162  11:20  Supply Depot  
  162  11:24  Barracks x2  
  162  11:25  Hellion x4, Siege Tank x3, Barracks  
  151  11:51  Refinery  
  151  11:52  SCV x3  
  151  11:53  Refinery  
  152  12:02  Starport Tech Lab  
  152  12:03  Starport Tech Lab  
  152  12:08  Fusion Core  
  152  12:09  Terran Vehicle Weapons Level 2  
  152  12:11  Ghost Academy  
  152  12:12  Barracks Tech Lab x3  
  152  12:21  Barracks Tech Lab  
  152  12:24  Missile Turret  
  152  12:25  Missile Turret  
  155  12:51  Siege Tank x2  
  155  12:52  Hellion x4  
  155  12:53  Banshee x2  
  166  13:08  Hellion  
  160  13:13  Hellion x2  
  160  13:14  Hyperflight Rotors  
  160  13:15  Advanced Ballistics  
  160  13:18  Personal Cloaking  
  160  13:23  Siege Tank x2  
  160  13:28  Command Center  
  160  13:29  Command Center  
  160  13:36  Command Center x2, Banshee  
  160  13:39  Hellion x5  
  175  13:56  Hellion x2  
  175  14:00  Terran Vehicle And Ship Armor Level 3, Hellion x4  
  185  14:04  Hellion  
  189  14:17  Hellion x2  
  189  14:21  Hellion  
  183  14:25  Terran Ship Weapons Level 1  
  183  14:29  Ghost x2  
  183  14:30  Ghost x2  
  187  14:35  Hellion x3  
  187  14:36  Hellion  
  189  14:38  Hellion x2  
  189  14:50  Planetary Fortress  
  189  14:56  Orbital Command  
  189  15:03  Banshee  
  189  15:04  Banshee  
  195  15:17  Hellion x2  
  199  15:27  Planetary Fortress  
  199  15:28  Refinery  
  199  15:32  Missile Turret x2  
  199  15:33  Missile Turret  
  196  15:38  Refinery  
  196  15:39  Missile Turret  
  196  15:40  Missile Turret  
  193  15:46  Banshee  
  136  16:11  Siege Tank  
  139  16:31  Planetary Fortress  
  139  16:35  Refinery  
  136  16:41  Refinery  
  136  16:45  Siege Tank x3  
  136  16:46  Hellion x2  
  136  16:47  Hellion x2  
  153  16:51  Banshee x2  
  153  16:52  Viking x2  
  163  17:08  Hellion x2  
  167  17:17  Siege Tank x2  
  167  17:22  Viking x2  
  177  17:26  SCV  
  178  17:32  Siege Tank  
  178  17:33  Hellion x3  
  178  17:34  Banshee, Hellion  
  192  17:46  Banshee  
  192  17:48  Missile Turret  
  192  17:49  Siege Tank  
  192  17:50  Missile Turret  
  197  17:52  Missile Turret  
  197  17:55  Hellion  
  198  18:04  Siege Tank  
  200  18:17  Banshee  
  200  18:25  Command Center  
  200  18:27  Command Center  
  194  18:51  Siege Tank x2, Ghost  
  160  19:24  Hellion x7  
  156  19:54  Marine x2  
  156  19:55  Marine x2  
  145  20:12  Marine x4  
  136  20:30  Ghost x3, Marine  
  136  20:33  Siege Tank x3  
  136  20:34  Hellion x4  
  160  20:36  Planetary Fortress  
  160  20:42  Command Center  
  154  20:48  Ghost  
  156  20:55  Hellion x2, Engineering Bay  
  156  20:56  Engineering Bay  
  160  20:58  Ghost  
  145  21:09  Hellion, Siege Tank x3  
  145  21:10  Hellion  
  148  21:30  SCV  
  148  21:31  SCV  
  148  21:32  Hellion  
  144  21:41  Siege Tank x2  
  146  21:51  Missile Turret  
  146  21:52  Hellion x3  
  146  21:54  Missile Turret x2  
  152  21:56  Missile Turret  
  150  22:15  Refinery  
  150  22:19  Refinery  
  120  22:42  Siege Tank x2  
  120  22:43  Ghost x4  
  125  22:47  Siege Tank  
  125  22:50  Planetary Fortress  
  132  23:04  Planetary Fortress  
  132  23:12  Ghost x2  
  129  23:41  Banshee x2  
  129  23:43  Ghost  
  129  23:44  Ghost x2  
  129  23:47  Hellion  
  143  24:02  Hellion  
  149  24:03  Hellion x3  
  149  24:17  Hellion x3  
  149  24:23  Hellion  
  159  24:24  Banshee x2, Hellion  
  165  24:31  Hellion  
  165  24:32  Hellion  
  169  24:39  Hellion x3  
  169  24:44  Hellion  
Tags
 
Add a new tag
Caveats
  • Supply blocks, unpowered buildings, or Contaminate may cause inaccurate times.
  • Supply counts are checked every 10 seconds.